 Dungeon Crawl Stone Soup version 0.30.1-3-gfc49f6343a (webtiles) character file.

Game seed: 15885126837143045979

756 safid the Chiller (level 7, -1/56 HPs)
             Began as a Merfolk Ice Elementalist on July 21, 2023.
             Slain by Duvessa
             ... wielding a +0 short sword
              (8 damage)
             ... on level 4 of the Dungeon.
             The game lasted 00:06:28 (4371 turns).

safid the Chiller (Merfolk Ice Elementalist)        Turns: 4371, Time: 00:06:28

Health: -1/56      AC: 11    Str:  9    XL:     7   Next: 79%
Magic:  0/14       EV: 12    Int: 16    God:
Gold:   74         SH:  0    Dex: 14    Spells: 8/15 levels left

rFire   . . .        i - +1 short sword (venom)
rCold   . . .        (no shield)
rNeg    . . .        a - +0 robe
rPois   .            q - +0 helmet
rElec   .            k - +0 cloak
rCorr   .            (no gloves)
SInv    .            c - +0 pair of boots
Will    .....        (no amulet)
Stlth   +            (no ring)
HPRegen 0.29/turn    (no ring)
MPRegen 0.14/turn

%: no passive effects
@: lit by a corona, ice-armoured, glowing
A: (nimble swimmer 2), mertail
a: no special abilities


You were on level 4 of the Dungeon.
You visited 2 branches of the dungeon, and saw 5 of its levels.

You collected 154 gold pieces.
You spent 80 gold pieces at shops.

Inventory:

Hand Weapons
 i - a +1 short sword of venom (weapon)
Armour
 a - a +0 robe (worn)
 c - a +0 pair of boots (worn)
 k - a +0 cloak (worn)
 q - a +0 helmet (worn)
Jewellery
 u - a ring of magical power
Wands
 v - a wand of flame (25)
Scrolls
 d - a scroll of enchant weapon {unknown}
 h - 5 scrolls of identify {unknown}
 l - a scroll of amnesia {unknown}
 m - a scroll of immolation {unknown}
 n - 2 scrolls of fog {unknown}
 o - a scroll of fear {unknown}
 p - 3 scrolls of noise {unknown}
Potions
 b - 2 potions of magic
 e - a potion of invisibility {unknown}
 f - a potion of heal wounds
 g - 2 potions of curing
 j - a potion of haste {unknown}
 r - a potion of lignification {unknown}
 s - 2 potions of berserk rage {unknown}
 t - a potion of flight {unknown}


   Skills:
 + Level 5.1 Fighting
 - Level 2.6 Dodging
 - Level 2.1 Stealth
 + Level 4.7 Spellcasting
 + Level 6.9 Ice Magic


You had 8 spell levels left.
You knew the following spells:

 Your Spells              Type           Power      Damage    Failure   Level
a - Freeze                Ice            100%       1d10      1%          1
b - Frozen Ramparts       Ice            50%        1d8       2%          3
c - Ozocubu's Armour      Ice            25%        N/A       2%          3

Your spell library contained the following spells:

 Spells                   Type           Power      Damage    Failure   Level
 Beastly Appendage        Tmut           6%         N/A       16%         1
 Cigotuvi's Dreadful Rot  Necr/Pois/Air  6%         N/A       24%         2
 Wereblood                Tmut           3%         N/A       24%         2
 Summon Ice Beast         Ice/Summ       14%        N/A       36%         4
 Dazzling Flash           Conj/Hex       6%         N/A       43%         3
 Gell's Gravitas          Tloc           3%         N/A       43%         3
 Spider Form              Tmut/Pois      3%         N/A       43%         3
 Teleport Other           Tloc           3%         N/A       43%         3
 Volatile Blastmotes      Fire/Tloc      6%         2d10      43%         3
 Dispel Undead            Necr           3%         3d7       83%         4
 Iskenderun's Mystic Bla  Conj/Tloc      3%         2d3       83%         4
 Death Channel            Necr           1%         N/A       100%        6
 Dispersal                Tloc           1%         N/A       100%        6
 Starburst                Conj/Fire      1%         6d3       100%        6


Dungeon Overview and Level Annotations

Branches:
Dungeon (4/15)             Temple (1/1) D:4

Altars:
Ashenzari
Cheibriados
Dithmenos
Elyvilon
Fedhas
Gozag
Hepliaklqana
Kikubaaqudgha
Makhleb
Okawaru
Qazlal
Sif Muna
Trog
Wu Jian
Xom
Yredelemnul
The Shining One

Shops:
D:2 !

Annotations:
D:3 1 runed translucent door, Crazy Yiuf
D:4 Duvessa


Innate Abilities, Weirdness & Mutations

((You are very nimble when in or above water. (Stealth+, EV+, Speed+++)))
Your lower body shifts to a powerful aquatic tail in water.


Message History

Unknown command.
Casting: Freeze (safe; 1% risk of failure)
Confirm with . or Enter, or press ? or * to list all spells.
Aiming: Freeze (safe; 1% risk of failure)
Press: ? - help, Shift-Dir - straight line, f/p - Duvessa
Aim: Duvessa, wielding a +0 short sword and wearing a +0 leather armour (heavily wounded, berserk)
You freeze Duvessa!
Duvessa is severely wounded.
The wall freezes Duvessa but does no damage.
Duvessa hits you with a +0 short sword.
* * * LOW HITPOINT WARNING * * *
Unknown command.
Casting: Freeze (safe; 1% risk of failure)
Confirm with . or Enter, or press ? or * to list all spells.
Aiming: Freeze (safe; 1% risk of failure)
Press: ? - help, Shift-Dir - straight line, f/p - Duvessa
Aim: Duvessa, wielding a +0 short sword and wearing a +0 leather armour (severely wounded, berserk)
You freeze Duvessa!
Duvessa is almost dead.
The wall freezes Duvessa.
Duvessa hits you but does no damage.
The wall freezes Duvessa.
Duvessa hits you with a +0 short sword!
* * * LOW HITPOINT WARNING * * *
Unknown command.
Casting: Freeze (safe; 1% risk of failure)
Confirm with . or Enter, or press ? or * to list all spells.
Aiming: Freeze (safe; 1% risk of failure)
Press: ? - help, Shift-Dir - straight line, f/p - Duvessa
Aim: Duvessa, wielding a +0 short sword and wearing a +0 leather armour (almost dead, berserk)
You freeze Duvessa.
Duvessa is almost dead.
The frozen ramparts melt away.
Duvessa closely misses you.
Unknown command.
Casting: Freeze (safe; 1% risk of failure)
Confirm with . or Enter, or press ? or * to list all spells.
You don't have enough magic to cast this spell.
Unknown command.
You hit Duvessa.
Duvessa is almost dead.
Duvessa hits you but does no damage. Duvessa hits you with a +0 short sword!
You die...

..... ..... ..## .
#...##..#####
..#......... .## #
.......#...##..# #.
#.......#.#..#.#
.###
#....#.)#)...#.# ..#
#...##....#..### ..#
#.###
#...e@.>..†....# ..#
#<..#
##.)#....##..#.#####
#.# #.#w#
#..#....#..#.......#
.. .... .....
#..#.#.....####.# .
..###s ###
..##...#...#####.###
#)..# .. ##.
.................
....# .#
#####....#.#####.###
#.# #...#
####.##.......# #.#
#...# ....##########


You could see Duvessa (berserk).

Vanquished Creatures
  Sigmund (D:4)
  A centaur (D:4)
  2 scorpions (D:4)
  Dowan (D:4)
  2 orc priests (D:4)
  2 orc wizards (D:4)
  Terence (D:3)
  10 adders
  2 gnolls (D:1)
  A worm (D:3)
  3 dart slugs
  9 orcs
  2 ball pythons (D:1)
  6 bats
  8 endoplasms
  2 giant cockroaches
  4 goblins
  9 hobgoblins
  5 jackals
  3 quokkas
  A frilled lizard (D:1)
  12 kobolds
  3 rats
90 creatures vanquished.

Notes
Turn   | Place    | Note
-------+----------+-------------------------------------------
     0 | D:1      | safid the Merfolk Ice Elementalist began the quest for the
                  | Orb.
     0 | D:1      | Reached XP level 1. HP: 13/13 MP: 3/3
   300 | D:1      | Reached XP level 2. HP: 20/20 MP: 3/5
   311 | D:1      | Reached skill level 1 in Fighting
   506 | D:1      | Reached XP level 3. HP: 24/26 MP: 1/6
  1278 | D:2      | Reached XP level 4. HP: 10/33 MP: 2/8
  1377 | D:2      | Reached skill level 5 in Ice Magic
  1381 | D:2      | Learned a level 3 spell: Frozen Ramparts
  1385 | D:2      | Learned a level 3 spell: Ozocubu's Armour
  1442 | D:2      | Found Qygirgheloell's Distillery.
  2307 | D:2      | Bought a potion of curing for 30 gold pieces
  2307 | D:2      | Bought a potion of heal wounds for 50 gold pieces
  2534 | D:3      | Reached XP level 5. HP: 39/39 MP: 9/9
  2861 | D:3      | Found a basalt altar of Yredelemnul.
  2861 | D:3      | Found an opulent altar of Gozag.
  3003 | D:3      | Noticed Terence
  3084 | D:3      | Killed Terence
  3272 | D:3      | Found a runed translucent door.
  3273 | D:3      | Noticed Crazy Yiuf
  3362 | D:4      | Noticed a phantom
  3614 | D:4      | Reached XP level 6. HP: 33/47 MP: 6/11
  3734 | D:4      | Noticed Sigmund
  3769 | D:4      | Killed Sigmund
  3770 | D:4      | Reached skill level 6 in Ice Magic
  3770 | D:4      | Reached XP level 7. HP: 32/54 MP: 2/13
  4191 | D:4      | Found a staircase to the Ecumenical Temple.
  4203 | Temple   | Entered the Ecumenical Temple
  4348 | D:4      | Reached skill level 5 in Fighting
  4357 | D:4      | Noticed Dowan
  4360 | D:4      | Noticed Duvessa
  4363 | D:4      | Killed Dowan
  4371 | D:4      | Slain by Duvessa

Illustrated notes

Levels and vault maps discovered:
D:1:      ebering_trefoil_3fold, layout_basic, minmay_small_reverse_x
D:2:      layout_basic, serial_shops, shop_fountains, minmay_misc_feat_x
D:3:      layout_basic, gammafunk_temple_overflow_pools,
          nicolae_underground_beach, uniq_crazy_yiuf_cottage, uniq_terence
D:4:      layout_loops_cross, minmay_temple_entry_mini_moons, uniq_sigmund,
          uniq_ijyb, uniq_duvessa, uniq_grinder
Temple:   regret_index_temple_waves

Skill      XL: |  1  2  3  4  5  6  7 |
---------------+----------------------+-----
Fighting       | 1 2 3 4 5 |  5.1
Ice Magic      | 5 6 |  6.9
Spellcasting   | 3 4 |  4.7
Dodging        | |  2.6
Stealth        | |  2.1

Action                     |  1- 3 |  4- 6 |  7- 9 || total
---------------------------+-------+-------+-------++-------
  Melee: Club              |     6 |       |       ||     6
         Dagger            |     2 |       |       ||     2
         Short sword       |    42 |    91 |    46 ||   179
         Punch             |       |     1 |       ||     1
   Cast: Freeze            |    30 |    12 |     7 ||    49
         Frozen Ramparts   |       |     3 |     7 ||    10
         Ozocubu's Armour  |       |     2 |     3 ||     5
    Use: Potion            |       |     4 |       ||     4
   Stab: Sleeping          |     4 |     5 |     2 ||    11
 Armour: Robe              |    16 |    27 |    24 ||    67
  Dodge: Dodged            |    34 |    62 |    27 ||   123
